 Dungeon Crawl Stone Soup version 0.13.1-28-g3517093 (console) character file.

1229 Reign the Cleaver (level 8, -4/66 HPs)
             Began as a Centaur Berserker on Mar 19, 2014.
             Was an Elder of Trog.
             Killed by divine providence
             ... invoked by an orc priest
              (16 damage)
             ... on Level 8 of the Dungeon.
             The game lasted 00:09:34 (1658 turns).

Reign the Cleaver (Centaur Berserker)               Turns: 1658, Time: 00:09:34

HP  -4/66        AC 14     Str 24      XL: 8   Next: 11%
MP   5/5         EV  3     Int 12      God: Trog [****..]
Gold 124         SH  0     Dex  8      Spells:  0 memorised,  7 levels left

Res.Fire  : . . .   See Invis. : .   b - +1,+0 dwarf hand axe
Res.Cold  : . . .   Warding    : .   t - +4 plate armour of Wingust {Str+3 Int+4}
Life Prot.: . . .   Conserve   : .   (no shield)
Res.Poison: .       Res.Corr.  : .   p - +2 wizard hat
Res.Elec. : .       Clarity    : .   (no cloak)
Sust.Abil.: . .     Spirit.Shd : .   (no gloves)
Res.Mut.  : .       Stasis     : .   (no barding)
Res.Rott. : .       Flight     : .   (no amulet)
Saprovore : . . .                    (no ring)
                                     (no ring)

@: very quick, slightly resistant to hostile enchantments, extremely unstealthy
A: hooves 3, deformed body, herbivore 1, speed 2, fast metabolism 1, tough skin
3
a: Burn Spellbooks, Berserk, Trog's Hand, Brothers in Arms, Renounce Religion


You were on level 8 of the Dungeon.
You worshipped Trog.
Trog was greatly pleased with you.
You were very hungry.

You visited 1 branch of the dungeon, and saw 9 of its levels.

You collected 104 gold pieces.

Inventory:

Hand weapons
 a - a +0,+0 hand axe {=f}
 b - a +1,+0 dwarven hand axe (weapon)
 n - the +2,+10 spear of the Botono (quivered) {reap, rPois rN+ HP-6}
   (You took it off a gnoll on level 5 of the Dungeon)

   If a monster killed with it leaves a corpse in good enough shape, the corpse
   will be animated as a zombie friendly to the killer.
   It protects you from poison.
   It protects you from negative energy.
   It affects your health (-6).
Armour
 p - a +2 wizard hat (worn)
 t - the +4 plate armour of Wingust (worn) {Str+3 Int+4}
   (You found it on level 4 of the Dungeon)

   It affects your strength (+3).
   It affects your intelligence (+4).
Magical devices
 w - a wand of magic darts (14) {unknown}
Comestibles
 c - 4 bread rations
 l - 5 meat rations
 q - 2 oranges
 s - a choko
 u - a cheese
Scrolls
 d - 3 scrolls of remove curse {unknown}
 e - a scroll of identify {unknown}
 i - a scroll of amnesia {unknown}
 j - 2 scrolls of fog {unknown}
 r - a scroll of teleportation {unknown}
 v - a scroll of enchant weapon II {unknown}
 x - a scroll of recharging {unknown}
 y - a scroll of curse jewellery {unknown}
 z - a scroll of enchant armour {unknown}
Jewellery
 g - an uncursed ring of protection from magic {unknown}
 A - a cursed ring of hunger {unknown}
Potions
 f - a potion of flight {unknown}
 h - 2 potions of cure mutation {unknown}
 k - a potion of restore abilities {unknown}
 m - 2 potions of curing {unknown}
 o - a potion of mutation {unknown}


   Skills:
 - Level 3.0 Fighting
 + Level 9.2 Axes
 - Level 1.3 Armour
 - Level 1.3 Dodging


You had 7 spell levels left.
You didn't know any spells.

Dungeon Overview and Level Annotations

Branches:
Dungeon (9/27)
 Temple: D:4-7          Orc: D:6-11        Lair: D:8-13

Altars:
Okawaru
Xom
Zin

Annotations:
D:9 Psyche


Innate Abilities, Weirdness & Mutations

You have hooves in place of feet.
Armour fits poorly on your strangely shaped body.
You digest meat inefficiently.
You cover ground very quickly.
You have a fast metabolism.
You have extremely tough skin (AC +3).


Message History

You hear a shout!
You hit the orc priest. You kick the orc priest!
The orc priest is almost dead.
The orc priest's eyes start to glow.
The bat completely misses you.
A jelly comes into view.
The jelly quivers.
The bat hits you but does no damage. The bat completely misses you.
The orc priest looks braver.
The bat hits you but does no damage. The bat hits you but does no damage.
The bat hits you but does no damage.
The orc priest mumbles some strange prayers to Beogh against you.
Something smites you!
* * * LOW HITPOINT WARNING * * *
The bat hits you but does no damage. The jelly hits you but does no damage.
The orc priest mumbles some strange prayers to Beogh against you.
Something smites you!
You die...

. ##### .#.# #.._#
....# ####..# ####
### ..(... ...'#.#
+.....#.. ....##
....###
...#<#.##### .....
^####
#.........##...#
.# ##.#J##...#oo.#
.# #..@b.....o..#
.#
###.##...#.#......
.# #.###.##.# ##.
.# #.###.# .# .#
#.....# .# .#
##.....##..
#.......###
#.......#
#.......#


You could see a jelly, 2 orc priests, an orc and a bat.

Vanquished Creatures
  Edmund (D:6)
  2 centaurs
  3 giant frogs
  Blork the orc (D:8)
  7 killer bees (D:8)
  An orc priest (D:8)
  2 hounds (D:4)
  A worker ant (D:4)
  A scorpion (D:5)
  3 gnolls
  3 adders
  A worm (D:6)
  A giant eyeball (D:7)
  11 orcs
  3 bats
  2 giant cockroaches
  4 goblins
  3 hobgoblins
  5 jackals
  5 kobolds
  2 giant geckos
  5 giant newts
  6 rats
73 creatures vanquished.

Vanquished Creatures (others)
  A hobgoblin (D:3)
1 creature vanquished.

Grand Total: 74 creatures vanquished

Notes
Turn   | Place    | Note
--------------------------------------------------------------
     0 | D:1      | Reign, the Centaur Berserker, began the quest for the Orb.
     0 | D:1      | Reached XP level 1. HP: 19/19 MP: 0/0
   177 | D:2      | Reached XP level 2. HP: 12/26 MP: 1/1
   268 | D:2      | Acquired Trog's second power
   593 | D:3      | Found a glowing silver altar of Zin.
   593 | D:3      | Noticed an angel
   599 | D:3      | Found a shimmering altar of Xom.
   679 | D:4      | Reached skill level 4 in Axes
   679 | D:4      | Reached XP level 3. HP: 33/33 MP: 2/2
   751 | D:4      | Reached XP level 4. HP: 36/39 MP: 2/2
   806 | D:4      | Got a smoking plate armour
   914 | D:4      | Reached skill level 5 in Axes
   929 | D:5      | Entered Level 5 of the Dungeon
   948 | D:5      | Reached XP level 5. HP: 45/45 MP: 3/3
   980 | D:5      | Identified the +4 plate armour of Wingust {Str+3 Int+4} (You found it on level 4 of the Dungeon)
  1112 | D:6      | Noticed a centaur
  1121 | D:6      | Killed a centaur
  1121 | D:6      | Reached skill level 6 in Axes
  1121 | D:6      | Reached XP level 6. HP: 41/52 MP: 4/4
  1135 | D:6      | Noticed Edmund
  1145 | D:6      | Killed Edmund
  1216 | D:6      | Reached skill level 7 in Axes
  1278 | D:7      | Reached XP level 7. HP: 27/58 MP: 4/4
  1374 | D:8      | Noticed Blork the orc
  1378 | D:8      | Killed Blork the orc
  1378 | D:8      | Reached skill level 8 in Axes
  1444 | D:8      | Found an iron altar of Okawaru.
  1538 | D:7      | Paralysed by a giant eyeball for 2 turns
  1591 | D:9      | Noticed Psyche
  1604 | D:8      | Reached skill level 9 in Axes
  1604 | D:8      | Reached XP level 8. HP: 52/66 MP: 5/5
  1610 | D:8      | Acquired Trog's third power
  1658 | D:8      | Killed from afar by an orc priest

Action                   |  1- 3 |  4- 6 |  7- 9 || total
-------------------------+-------+-------+-------++-------
Melee: Hand axe          |    55 |    98 |    55 ||   208
Invok: Berserk           |     1 |     3 |     2 ||     6
       Trog's Hand       |       |       |     1 ||     1
